 Dungeon Crawl Stone Soup version 0.30.0-18-gf1372a6a44 (webtiles) character file.

Game seed: 12650942538421290277

190 qw the Chopper (level 5, -12/33 HPs)
             Began as a Gargoyle Fighter on May 21, 2023.
             Mangled by an ogre
             ... wielding a +0 giant club
              (23 damage)
             ... on level 4 of the Dungeon.
             The game lasted 00:02:15 (2954 turns).

qw the Chopper (Gargoyle Fighter)                   Turns: 2954, Time: 00:02:15

Health: -12/33     AC: 14    Str: 21    XL:     5   Next: 69%
Magic:  5/5        EV:  9    Int:  9    God:
Gold:   177        SH:  4    Dex:  9    Spells: 4/4 levels left

rFire   + . .        Y - +4 war axe
rCold   . . .        c - +0 buckler
rNeg    + . .        b - +0 scale mail
rPois   inf          (no helmet)
rElec   +            (no cloak)
rCorr   .            n - +1 pair of gloves
SInv    .            o - +0 pair of boots
Will    .....        (no amulet) Stlth
                     k - ring of protection from fire
HPRegen 0.25/turn    (no ring)
MPRegen 0.09/turn

%: no passive effects
@: no status effects
A: sickness immunity, AC +4, negative energy resistance 1, electricity
resistance, torment resistance 1, petrification resistance
a: no special abilities


You were on level 4 of the Dungeon.
You visited 1 branch of the dungeon, and saw 4 of its levels.

You collected 177 gold pieces.


Innate Abilities, Weirdness & Mutations

You are immune to sickness and miasma.
Your stone body is resilient. (AC +4)
You are immune to poison.
You resist negative energy. (rN+)
You are resistant to electric shocks. (rElec)
You are resistant to unholy torment.
You are immune to petrification.


   Skills:
 + Level 3.7 Fighting
 - Level 5.0 Axes
 - Level 3.2 Armour
 - Level 3.2 Shields


You had 4 spell levels left.
You didn't know any spells.
Your spell library was empty.

Inventory:

Hand Weapons
 e - a +0 flail
 Y - a +4 war axe (weapon)
Armour
 b - a +0 scale mail (worn)
 c - a +0 buckler (worn)
 l - a +0 chain mail
 n - a +1 pair of gloves (worn)
 o - a +0 pair of boots (worn)
Jewellery
 f - a ring of fire
 k - a ring of protection from fire (left hand)
Scrolls
 a - 3 scrolls of identify
 j - a scroll of teleportation
Potions
 d - 2 potions of might
 g - 2 potions of flight {unknown}
 h - a potion of attraction {unknown}
 i - 2 potions of haste {unknown}
 m - 2 potions of heal wounds {unknown}
 p - a potion of curing {unknown}
 q - a potion of lignification {unknown}

Dungeon Overview and Level Annotations

Branches:
Dungeon (4/15)
 Temple: D:4-7

Altars:
Dithmenos

Annotations:
D:4 1 runed translucent door, qw's ghost, amateur GrCA


Message History

You start resting.
HP restored.
a - 2 scrolls of identify (gained 1)
A hobgoblin comes into view.
The hobgoblin shouts!
The hobgoblin moves out of view.
You see here a metallic coppery potion.
You slash the hobgoblin!
You kill the hobgoblin!
g - 2 metallic coppery potions (gained 1)
Found a stone staircase leading down.
a - 3 scrolls of identify (gained 1)
An ogre comes into view. It is wielding a +0 giant club.
The ogre shouts!
An adder comes into view.
The adder hisses angrily.
The adder bites you but does no damage.
You closely miss the ogre. You barely miss the adder.
The ogre hits you with a +0 giant club! The adder misses you.
You slash the ogre!
The ogre is heavily wounded.
You slash the adder! The adder barely misses you.
The ogre hits you with a +0 giant club! The adder bites you but does no damage.
You miss the adder.
The adder is severely wounded.
You closely miss the ogre. The adder barely misses you.
The ogre closely misses you. The adder bites you but does no damage.
You barely miss the adder.
The adder is severely wounded.
You hit the ogre. The adder bites you but does no damage.
You block the ogre's attack.
You barely miss the adder.
The adder is severely wounded.
You hit the ogre.
The adder bites you but does no damage. x2
The ogre hits you with a +0 giant club!!
Ouch! That really hurt!
You die...

....# ##..## 7. ~#
.....# .77~ #..###
..~ ##.## ####''##
##..#### #......#
.....#.#####
#......#
##...#.....###.OS..#
.#..........#...@.#
...........###...##
......#......#..##
.##...###..##....#
.###..###........#
## #...#.........#
.#####..........##
.....%..........#
.....#.##...#..##


You could see an ogre and an adder.

Vanquished Creatures
  3 iguanas
  2 adders
  A worm (D:3)
  A dart slug (D:2)
  9 orcs
  3 bats
  9 endoplasms
  4 giant cockroaches
  3 goblins
  9 hobgoblins
  2 jackals (D:1)
  7 kobolds
  5 quokkas
  8 ball pythons
  4 frilled lizards
  9 rats
79 creatures vanquished.

Notes
Turn   | Place    | Note
-------+----------+-------------------------------------------
     0 | D:1      | qw the Gargoyle Fighter began the quest for the Orb.
     0 | D:1      | Reached XP level 1. HP: 14/14 MP: 1/1
     0 | D:1      | 0 ||| qw: Version: 0.2-a-98-g16b38d9
     0 | D:1      | 0 ||| qw: Game counter: 8
     0 | D:1      | 0 ||| qw: Always use a shield: true
     0 | D:1      | 0 ||| qw: God list: Okawaru
     0 | D:1      | 0 ||| qw: Allow faded altars: false
     0 | D:1      | 0 ||| qw: Do Orc after D:15 true
     0 | D:1      | 0 ||| qw: Do second Lair branch before Depths: true
     0 | D:1      | 0 ||| qw: Lair rune preference: random
     0 | D:1      | 0 ||| qw: Plans: Normal, Zot:1-4, God:TSO, Crypt, Tomb,
                  | Pan, Slime:5, Hells, Abyss, Win
     0 | D:1      | 0 ||| PLANNING D:1-11
    74 | D:1      | Reached skill level 2 in Axes
   201 | D:1      | Reached XP level 2. HP: 19/19 MP: 2/2
   422 | D:1      | 422 ||| Stepping ~*~*~tactically~*~*~ (stealth).
   437 | D:1      | Reached skill level 3 in Axes
   502 | D:1      | Reached XP level 3. HP: 23/23 MP: 3/3
   533 | D:1      | 533 ||| Stepping ~*~*~tactically~*~*~ (stealth).
   536 | D:1      | 536 ||| Stepping ~*~*~tactically~*~*~ (stealth).
   670 | D:1      | 670 ||| READING scroll labelled LUTESH RIULEU.
   671 | D:1      | 671 ||| READING scroll labelled ZERGHE TIKLEFEO.
   785 | D:2      | Noticed a shining eye
   786 | D:2      | Noticed a great orb of eyes
   808 | D:2      | Noticed a shining eye
   810 | D:2      | Found a faded altar of an unknown god.
   811 | D:2      | Noticed a golden eye
  1006 | D:2      | 1006 ||| Stepping ~*~*~tactically~*~*~ (hiding).
  1415 | D:2      | 1415 ||| UPGRADING to +1 pair of gloves.
  1420 | D:2      | 1420 ||| UPGRADING to +0 pair of boots.
  1425 | D:2      | 1425 ||| DROPPING amulet of faith.
  1426 | D:2      | 1426 ||| READING scroll labelled CAZECSERPHA.
  1429 | D:2      | 1429 ||| READING scroll labelled DOPSUU AFFIHI.
  1430 | D:2      | 1430 ||| READING scroll labelled NUHOCLAESA.
  1531 | D:2      | 1531 ||| READING 3 scrolls labelled CAUSYHOGUTS.
  1532 | D:2      | 1532 ||| READING 2 scrolls of enchant weapon.
  1532 | D:2      | 1532 ||| ENCHANTING +1 war axe.
  1533 | D:2      | 1533 ||| READING scroll of enchant weapon.
  1533 | D:2      | 1533 ||| ENCHANTING +2 war axe.
  1567 | D:3      | Reached XP level 4. HP: 28/28 MP: 4/4
  1587 | D:3      | 1587 ||| READING scroll labelled JANAYP ZIST.
  1707 | D:3      | Reached skill level 4 in Axes
  1807 | D:3      | 1807 ||| Stepping ~*~*~tactically~*~*~ (stealth).
  1846 | D:3      | 1846 ||| DROPPING +0 whip.
  1936 | D:3      | Found a shadowy altar of Dithmenos.
  1937 | D:3      | 1937 ||| DROPPING +4 mace.
  2185 | D:3      | 2185 ||| Stepping ~*~*~tactically~*~*~ (stealth).
  2284 | D:3      | Reached XP level 5. HP: 32/32 MP: 5/5
  2351 | D:3      | 2351 ||| UPGRADING to ring of protection from fire.
  2352 | D:3      | 2352 ||| READING scroll labelled XODDUI ZARPHYNG.
  2596 | D:3      | 2596 ||| Stepping randomly (stuck).
  2648 | D:4      | 2648 ||| READING scroll of enchant weapon.
  2648 | D:4      | 2648 ||| ENCHANTING +3 war axe.
  2712 | D:4      | Found a runed translucent door.
  2714 | D:4      | Noticed qw's ghost (amateur GrCA)
  2727 | D:4      | 2727 ||| Stepping ~*~*~tactically~*~*~ (stealth).
  2728 | D:4      | 2728 ||| Stepping ~*~*~tactically~*~*~ (stealth).
  2731 | D:4      | 2731 ||| Stepping ~*~*~tactically~*~*~ (stealth).
  2797 | D:4      | Reached skill level 5 in Axes
  2944 | D:4      | Noticed an ogre
  2954 | D:4      | Mangled by an ogre

Levels and vault maps discovered:
D:1:      minmay_arrival_arboretum_large, layout_basic
D:2:      layout_basic, hellmonk_ecumenical_altar_watching_god,
          hangedman_decor_peaks_small, skrybe_limestone_x
D:3:      cheibrodos_old_hovel, layout_basic, nicolae_overflow_hidden_temple,
          serial_bayou_pond_b, grunt_ministairs_12,
          chequers_serial_rivers_marsh, small_statue_alley_b
D:4:      layout_cave_pools, gammafunk_ghost_grave, kennysheep_generic_room_12

Skill      XL: |  1  2  3  4  5 |
---------------+----------------+-----
Axes           | 2 3 4 5 |  5.0
Fighting       | |  3.7
Armour         | |  3.2
Shields        | |  3.2

Action                     |  1- 3 |  4- 6 || total
---------------------------+-------+-------++-------
  Melee: War axe           |   119 |   107 ||   226
    Use: Scroll            |     8 |     3 ||    11
 Armour: Scale mail        |    59 |    34 ||    93
  Dodge: Dodged            |    56 |    33 ||    89
  Block: Buckler           |    16 |    17 ||    33

Table legend:
 A = Non-vault XP
 B = Vault XP
 C = Vault XP percentage of total XP
 D = Non-vault monster count
 E = Vault monster count
 F = Vault count percentage of total count
                 A         B        C        D         E       F
            +---------+---------+-------+---------+---------+-------
      Total |     224 |      48 |  17.6 |      73 |       6 |   7.6
            +---------+---------+-------+---------+---------+-------
        D:1 |      39 |       0 |   0.0 |      23 |       0 |   0.0
        D:2 |      38 |       0 |   0.0 |      15 |       0 |   0.0
        D:3 |      47 |      48 |  50.5 |      20 |       6 |  23.1
        D:4 |     100 |       0 |   0.0 |      15 |       0 |   0.0
            +---------+---------+-------+---------+---------+-------
